Map: Terrassen von Prion

Players

Perniciator

  • Race: Terran Terran
  • League: Silver

K.I.-1 (Sehr leicht)

  • Race: Zerg Zerg

VOD

Have the link to the VOD?

Description

Time

  • Played on: Dec. 3, 2015, 1:16 p.m.
  • Length: 5:52
Show
View Real Time Build Order
Export as new Build Order

Perniciator Terran 

Build Orders:  

Get SALT Encoding   

    0:08  Orbital Command  
    0:21  SCV x12  
    0:35  SCV  
  13  0:47  SCV  
  14  0:53  Supply Depot  
  14  0:59  SCV  
  15  1:05  Refinery  
  15  1:14  SCV  
  16  1:19  Barracks  
  16  1:27  SCV  
  16  1:32  Supply Depot  
  17  1:42  SCV  
  18  1:54  SCV  
  19  2:06  Orbital Command  
  19  2:14  Barracks Reactor  
  19  2:32  Factory  
  19  2:38  SCV  
  20  2:50  Command Center, Marine  
  20  2:51  Marine  
  22  3:04  SCV  
  23  3:13  Supply Depot  
  23  3:16  SCV  
  24  3:24  Hellion  
  24  3:25  Barracks Reactor, Hellion  
  28  3:28  SCV  
  29  3:40  SCV  
  30  3:42  Starport  
  30  3:47  Hellion x2  
  34  3:52  SCV  
  35  4:01  Supply Depot  
  38  4:59  SCV  
Show
View Real Time Build Order
Export as new Build Order

K.I.-1 (Sehr leicht) Zerg 

Build Orders: Hatch First 

Get SALT Encoding   

    0:15  Overlord  
    0:21  Drone x12  
    0:33  Unknown  
    0:35  Drone  
  13  0:42  Drone  
  14  0:51  Overlord  
  14  1:10  Drone x2  
  14  1:11  Drone  
  17  1:22  Drone  
  18  1:33  Hatchery  
  17  1:44  Spawning Pool  
  17  1:45  Extractor  
  15  1:50  Overlord  
  15  2:27  Extractor  
  14  2:32  Zergling x2  
  14  2:33  Roach Warren, Queen, Zergling x4  
  18  2:43  Drone  
  19  2:51  Drone  
  20  3:00  Hatchery  
  19  3:28  Hatchery  
  19  3:29  Drone  
  19  3:41  Drone  
  20  3:48  Drone  
  21  3:56  Drone  
  26  4:57  Drone  
Tags
 
Add a new tag
Caveats
  • Supply blocks, unpowered buildings, or Contaminate may cause inaccurate times.
  • Supply counts are checked every 10 seconds.